 Dungeon Crawl Stone Soup version 0.28.0-53-g5a82cb258f (webtiles) character file.

Game seed: 7748037280737465750

74 Duralumin the Charlatan (level 4, -3/34 HPs)
             Began as a Mummy Artificer on July 7, 2022.
             Was a Believer of Qazlal.
             Slain by Sigmund
             ... wielding a +0 scythe
              (13 damage)
             ... on level 2 of the Dungeon.
             The game lasted 00:09:54 (3010 turns).

Duralumin the Charlatan (Mummy Artificer)           Turns: 3010, Time: 00:09:55

Health: -3/34      AC:  3    Str: 23    XL:     4   Next: 10%
Magic:  1/4        EV: 11    Int: 10    God:    Qazlal [**....]
Gold:   90         SH:  2    Dex: 12    Spells: 3/3 levels left

rFire   x . .      SeeInvis .   n - +0 halberd
rCold   + . .      Faith    .   (shield currently unavailable)
rNeg    + + +      Spirit   .   b - +0 leather armour
rPois   ∞          Reflect  .   (no helmet)
rElec   .          Harm     .   (no cloak)
rCorr   .          Rampage  .   (no gloves)
Will    .....                   (no boots)
Stlth   +.........              (no amulet)
HPRegen 0.11/turn               o - +6 ring of strength
MPRegen 0.09/turn               (no ring)

@: no status effects
A: cold resistance 1, negative energy resistance 3, torment resistance 2, heat
vulnerability 1, no potions
a: Renounce Religion, Upheaval


You were on level 2 of the Dungeon.
You worshipped Qazlal.
Qazlal was pleased with you.
You visited 1 branch of the dungeon, and saw 2 of its levels.

You collected 90 gold pieces.

Inventory:

Hand Weapons
 a - a +0 club
 f - a +0 dagger
 h - a +0 short sword
 k - a +0 whip
 n - a +0 halberd (weapon)
Missiles
 i - 5 boomerangs
 j - 5 poisoned darts (quivered)
 q - 3 javelins
Armour
 b - a +0 leather armour (worn)
Jewellery
 o - a +6 ring of strength (left hand)
Wands
 c - a wand of flame (15)
 d - a wand of charming (13)
Scrolls
 g - 2 scrolls of identify
 l - a scroll of enchant weapon {unknown}
 m - a scroll of magic mapping
 p - a scroll of immolation {unknown}
 r - a scroll of summoning {unknown}
Miscellaneous
 e - a piece from Xom's chessboard (13/15)


   Skills:
 - Level 2.8 Fighting
 + Level 1.3 Polearms
 - Level 1.5 Armour
 - Level 0.7 Dodging
 - Level 0.7 Stealth
 - Level 3.0 Evocations


You had 3 spell levels left.
You didn't know any spells.
Your spell library contained the following spells:

 Spells                   Type           Power      Damage    Failure   Level
 Corpse Rot               Necr/Air       0%         N/A       54%         2
 Dazzling Flash           Conj/Hex       0%         N/A       78%         3
 Dispel Undead            Necr           0%         3d6       99%         4
 Agony                    Necr           0%         N/A       100%        5
 Silence                  Hex/Air        0%         N/A       100%        5
 Death Channel            Necr           0%         N/A       100%        6


Dungeon Overview and Level Annotations

Branches:
Dungeon (2/15)

Altars:
Qazlal

Shops:
D:1 !

Annotations:
D:2 Sigmund


Innate Abilities, Weirdness & Mutations

You are immune to poison.
Your flesh is cold resistant. (rC+)
You are immune to negative energy. (rN+++)
You are immune to unholy pain and torment.
You are vulnerable to heat. (rF-)
You do not drink.


Message History

No target in view!
You see here a hobgoblin corpse.
You now have 90 gold pieces (gained 10).
You see here a hobgoblin corpse.
There is an open door here.
Sigmund shouts!
Sigmund points at you and mumbles some strange words.
The puff of flame hits you! The fire burns you terribly!
Sigmund points at you and mumbles some strange words.
You are confused.
You are too confused!
You bump into the rock wall.
You bump into the rock wall.
Okay, then.
You bump into the rock wall.
Okay, then.
Unknown command.
Unknown command.
Unknown command.
You bump into the rock wall.
You bump into the rock wall.
You feel less confused.
Sigmund hits you from afar with a +0 scythe!
Aiming: Upheaval
Press: ? - help, Dir - move target, f - Sigmund
Aim: Sigmund, wielding a +0 scythe and wearing a +0 robe A storm cloud blasts the area with cutting wind!
The cutting wind hits Sigmund!
Sigmund is heavily wounded.
You make a move on Xom's chessboard...
Sigmund seems to speed up.
Sigmund barely misses you.
You make a move on Xom's chessboard...
Sigmund flickers and vanishes!
Deactivating autopickup; reactivate with Ctrl-A.
Something hits you.
* * * LOW HITPOINT WARNING * * *
As you read the scroll labelled GEMOFI TYXUA, it crumbles to dust.
It is a scroll of identify.
m - a scroll of magic mapping Something hits you!
You die...

############## #.# .............#
#.# #### ############.###.# #...
#..... #.......#.# ######.##
#.....##.......#.# #........
......##.......#.# #........
#.....######.###.# #........
#........÷.......# #.....<..
###....#####.###@# ##############
#....##.....##.###...## ##...##
#....##.....##{##.....###.....#
#....##.....##.#.......#...(...
#....#####.###.#.......#.......
#....#####.###.#.......#.......
###..............##.....###.....#
..............##.###.†.## ##...##
####.#....###..#...##'#######'###


There were no monsters in sight!

Vanquished Creatures
  A gnoll (D:2)
  An adder (D:2)
  2 worms (D:2)
  5 ball pythons
  3 endoplasms (D:2)
  A giant cockroach (D:1)
  2 goblins (D:2)
  5 hobgoblins
  2 quokkas (D:2)
  5 bats
  A frilled lizard (D:2)
  4 kobolds
  A rat (D:1)
33 creatures vanquished.

Vanquished Creatures (collateral kills)
  2 gnolls (D:2)
  A worm (D:2)
3 creatures vanquished.

Grand Total: 36 creatures vanquished

Notes
Turn   | Place    | Note
-------+----------+-------------------------------------------
     0 | D:1      | Duralumin the Mummy Artificer began the quest for the Orb.
     0 | D:1      | Reached XP level 1. HP: 15/15 MP: 1/1
   259 | D:1      | Found Loiloip's Distillery.
   917 | D:1      | Found a faded altar of an unknown god.
   919 | D:1      | Noticed a great orb of eyes
   919 | D:1      | Noticed an eye of devastation
   920 | D:1      | Noticed a floating eye
   920 | D:1      | Noticed a shining eye
   925 | D:1      | Prayed at the altar of an unknown god.
   925 | D:1      | Became a worshipper of Qazlal Stormbringer
   925 | D:1      | Reached * piety under Qazlal
  1162 | D:2      | Reached XP level 2. HP: 14/21 MP: 2/2
  1186 | D:2      | Reached skill level 3 in Evocations
  1425 | D:2      | HP: 1/21 [worm (7)]
  1845 | D:2      | Reached XP level 3. HP: 27/27 MP: 3/3
  2311 | D:2      | Noticed Sigmund
  2540 | D:2      | Reached skill level 1 in Polearms
  2703 | D:2      | Reached ** piety under Qazlal
  2704 | D:2      | Reached XP level 4. HP: 34/34 MP: 4/4
  3010 | D:2      | Slain by Sigmund

Illustrated notes

Levels and vault maps discovered:
D:1:      minmay_arrival_jagged, layout_basic, serial_shops,
          nicolae_shop_advertising_works [nicolae_subvault_shop_adworks],
          hellmonk_ecumenical_altar_watching_god, st_stairs_12,
          minmay_tromino_v4_c
D:2:      kennysheep_six_static_rooms, layout_basic, uniq_sigmund

Skill      XL: |  1  2  3 |
---------------+----------+-----
Evocations     | 3 |  3.0
Fighting       | 2 |  2.8
Polearms       | 1 |  1.3
Armour         | |  1.5
Dodging        | |  0.7
Stealth        | |  0.7

Action                   |  1- 3 |  4- 6 || total
-------------------------+-------+-------++-------
Melee: Dagger            |   101 |       ||   101
       Punch             |     2 |       ||     2
       Halberd           |    42 |    14 ||    56
Throw: Dart              |    10 |       ||    10
       Boomerang         |     2 |       ||     2
Invok: Upheaval          |       |     1 ||     1
Evoke: Wand              |     2 |       ||     2
       Piece from Xom's  |       |     2 ||     2
  Use: Scroll            |       |     1 ||     1
Armor: Leather armour    |    40 |     5 ||    45
Dodge: Dodged            |    93 |     7 ||   100
Block: Other             |    12 |     2 ||    14
